Map: Winter's Gate LE

Players

Ratl

  • Race: Terran Terran
  • Spawn Location: 5:00

VOD

Have the link to the VOD?

Description

Time

  • Played on: Oct. 29, 2019, 7:11 p.m.
  • Length: 26:55
Show
View Real Time Build Order
Export as new Build Order

Ratl Terran 

Build Orders:  

Get SALT Encoding   

  12  0:02  SCV  
  13  0:19  SCV  
  14  0:35  Supply Depot  
  14  0:42  SCV  
  14  0:44  Supply Depot  
  15  1:05  SCV  
  16  1:11  Barracks  
  16  1:22  SCV  
  18  1:49  Refinery  
  17  1:52  Refinery  
  17  1:57  SCV  
  18  2:18  Orbital Command  
  18  2:39  Marine  
  19  3:03  SCV  
  19  3:04  Marine  
  21  3:20  SCV  
  21  3:29  Marine  
  23  3:37  SCV  
  24  3:54  Marine, SCV  
  26  4:11  SCV  
  28  4:28  SCV  
  28  4:30  Barracks Reactor  
  28  4:35  Barracks  
  28  4:58  Engineering Bay  
  28  5:37  Factory  
  28  5:44  Marine x2  
  30  5:50  Barracks Tech Lab  
  30  6:02  Sensor Tower  
  31  6:14  Reaper  
  31  6:29  Supply Depot  
  31  6:31  Supply Depot x2  
  31  6:32  Bunker  
  31  6:59  SCV  
  34  7:01  Supply Depot  
  34  7:04  Reaper x2  
  34  7:05  Supply Depot  
  34  7:07  Supply Depot  
  34  7:13  Factory  
  34  7:16  SCV, Factory Reactor  
  35  7:31  Bunker  
  35  7:32  SCV  
  35  7:34  Supply Depot  
  35  7:39  Supply Depot  
  36  7:41  Supply Depot  
  36  7:44  Marauder  
  36  7:49  Reaper x2  
  40  8:03  Terran Infantry Weapons Level 1  
  40  8:14  Marauder  
  42  8:28  Marine, Command Center  
  44  8:33  Refinery, Reaper  
  44  8:34  Refinery  
  44  8:42  Armory  
  44  8:44  Marauder  
  46  8:53  Marine  
  47  9:01  Missile Turret  
  47  9:13  Marine  
  47  9:14  Marauder  
  47  9:18  Marine  
  51  9:30  Missile Turret  
  52  9:43  Reaper  
  52  9:44  Marauder  
  40  10:07  Marine  
  39  10:14  Marauder  
  37  10:23  Marine  
  37  10:32  Marine  
  38  10:43  Terran Infantry Armor Level 1  
  38  10:44  Marauder  
  38  10:48  Marine  
  39  10:57  Marine  
  35  11:13  Marine  
  35  11:14  Marauder  
  37  11:21  Marine  
  37  11:38  Marine  
  38  11:44  Marauder  
  38  11:46  Marine  
  41  11:55  Command Center  
  41  12:03  Marine  
  42  12:11  Marine  
  42  12:14  Marauder  
  45  12:28  Marine  
  46  12:36  Marine  
  47  12:40  Bunker  
  47  12:43  Bunker  
  47  12:44  Marine, Stimpack  
  48  12:53  Marine  
  49  13:01  Marine  
  49  13:08  Marine  
  51  13:18  Marine  
  52  13:23  Terran Infantry Weapons Level 2  
  52  13:26  Marine  
  53  13:33  Marine  
  54  13:43  Marine  
  55  13:51  Marine  
  55  13:58  Marine  
  57  14:09  Orbital Command  
  57  14:46  Hellion x2  
  61  14:59  Marauder  
  64  15:15  Hellion  
  64  15:16  Hellion, Reaper x2  
  69  15:29  Marauder  
  71  15:34  Unknown  
  69  15:45  Hellion  
  69  15:46  Hellion  
  72  15:59  Marauder  
  76  16:01  Reaper x2  
  76  16:15  SCV, Hellion  
  76  16:16  Hellion  
  76  16:18  Missile Turret  
  81  16:26  Missile Turret  
  81  16:29  Marauder  
  83  16:32  SCV  
  84  16:48  Missile Turret  
  84  16:49  SCV  
  85  16:50  Terran Infantry Weapons Level 3  
  85  16:58  Terran Vehicle Weapons Level 1  
  85  16:59  Marauder  
  87  17:06  SCV, Factory Tech Lab  
  88  17:15  Marine  
  89  17:23  SCV  
  89  17:24  Concussive Shells  
  89  17:29  Marauder  
  92  17:59  Marauder  
  94  18:02  Refinery  
  94  18:13  SCV  
  94  18:16  Command Center  
  95  18:30  SCV  
  95  18:39  Refinery  
  96  18:47  SCV  
  97  19:04  SCV  
  97  19:06  Hellion  
  97  19:07  Hellion  
  102  19:13  Supply Depot  
  102  19:21  SCV  
  102  19:25  Cyclone  
  106  19:36  Hellion x2  
  106  19:38  Terran Vehicle And Ship Armor Level 1  
  110  19:56  SCV  
  111  20:06  Hellion x2  
  115  20:10  Cyclone  
  115  20:13  SCV  
  84  20:30  SCV, Terran Infantry Armor Level 2  
  82  20:47  SCV  
  77  21:04  SCV  
  54  21:56  Cyclone  
  54  21:58  Hellion x2  
  61  22:18  Terran Ship Weapons Level 1  
  61  22:28  Hellion x2  
  65  22:41  Cyclone  
  65  22:45  Planetary Fortress  
  68  22:55  Marine x2  
  68  22:58  Hellion x2  
  74  23:03  Marauder  
  76  23:20  Marine x2  
  76  23:26  Cyclone  
  76  23:28  Hellion x2  
  85  23:32  Marauder  
  87  23:45  Marine x2  
  89  23:58  Hellion x2, Infernal Pre-Igniter  
  93  24:00  SCV, Hi-Sec Auto Tracking  
  93  24:02  Marauder  
  93  24:06  Refinery  
  93  24:09  Command Center  
  96  24:10  Marine x2, Refinery  
  96  24:11  Cyclone  
  96  24:17  SCV  
  102  24:28  Hellion x2  
  106  24:32  Marauder  
  106  24:35  Marine x2  
  110  24:56  Cyclone  
  110  24:58  Hellion x2  
  117  25:00  Marine x2  
  117  25:02  Marauder  
  121  25:22  Starport  
  121  25:25  Marine x2  
  121  25:28  Hellion x2  
  127  25:32  Marauder  
  129  25:41  Thor  
  135  25:50  Marine x2  
  135  25:58  Hellion x2  
  141  26:02  Marauder  
  143  26:13  Orbital Command  
  143  26:14  Starport  
Tags
 
Add a new tag
Caveats
  • Supply blocks, unpowered buildings, or Contaminate may cause inaccurate times.
  • Supply counts are checked every 10 seconds.